 Dungeon Crawl Stone Soup version 0.18-a0-1683-gf9322e6 (webtiles) character file.

106 Gorice the Slasher (level 4, -1/33 HPs)
             Began as a Demonspawn Skald on Apr 3, 2016.
             Slain by Natasha (4 damage)
             ... on level 2 of the Dungeon.
             The game lasted 00:07:45 (1820 turns).

Gorice the Slasher (Demonspawn Skald)               Turns: 1820, Time: 00:07:47

Health: -1/33      AC:  8    Str: 14    XL:     4   Next: 55%
Magic:  7/7        EV:  6    Int: 13    God:
Gold:   67         SH:  0    Dex: 12    Spells: 1 memorised, 6 levels left

rFire  . . .     SeeInvis .     a - +0 falchion
rCold  . . .     Gourm    .     p - +0 chain mail
rNeg   . . .     Faith    .     (no shield)
rPois  .         Spirit   .     (helmet restricted)
rElec  .         Dismiss  .     (no cloak)
rCorr  .         Reflect  .     (no gloves)
SustAt .         Harm     .     (no boots)
MR     .....                    (no amulet)
Stlth  ..........               (no ring)
                                (no ring)

@: not resistant to hostile enchantments, extremely unstealthy
A: horns 1, rot immunity
a: no special abilities


You were on level 2 of the Dungeon.
You were not hungry.

You visited 1 branch of the dungeon, and saw 2 of its levels.

You collected 67 gold pieces.

Inventory:

Hand Weapons
 a - a +0 falchion (weapon)
Missiles
 n - 34 bolts
 Z - 26 stones (quivered)
Armour
 b - a +0 leather armour
 o - a +0 robe of the Archmagi
   (You found it on level 1 of the Dungeon)
 p - a +0 chain mail (worn)
Wands
 v - a wand of random effects (12/48)
Scrolls
 e - a scroll of magic mapping {unknown}
 h - a scroll of blinking {unknown}
 j - a scroll of remove curse {unknown}
 l - a scroll of noise {unknown}
 m - a scroll of immolation {unknown}
 r - 3 scrolls of fear {unknown}
 t - a scroll of random uselessness {unknown}
 w - a scroll of enchant weapon {unknown}
Potions
 g - a potion of heal wounds {!q}
 s - a potion of brilliance {!q}
 u - a potion of berserk rage
 x - a potion of magic {!q}
 z - a potion of lignification {!q}
Books
 c - a book of Battle
Comestibles
 d - 3 bread rations {!e}
 k - a beef jerky
 q - 2 meat rations {!e}


   Skills:
 - Level 2.0 Fighting
 * Level 4.4 Long Blades
 - Level 0.8 Armour
 - Level 0.8 Dodging
 - Level 2.0 Spellcasting
 - Level 2.6 Charms


You had 6 spell levels left.
You knew the following spells:

 Your Spells              Type           Power        Failure   Level  Hunger
a - Infusion              Chrm           #...         99%         1    ##.....


Dungeon Overview and Level Annotations

Branches:
Dungeon (2/15)

Altars:
Elyvilon
Makhleb

Annotations:
D:2 Natasha


Innate Abilities, Weirdness & Mutations

You have a pair of small horns on your head.
You are immune to rotting.


Message History

Natasha closely misses you.
You closely miss Natasha.
Natasha is moderately wounded.
Natasha claws you but does no damage.
Your chain mail prevents you from hitting Natasha.
Natasha is moderately wounded.
Natasha claws you.
Damage: 3 (max 4)
You closely miss Natasha. You headbutt Natasha, but do no damage.
Natasha is moderately wounded.
Natasha claws you but does no damage.
You closely miss Natasha.
Natasha is moderately wounded.
Natasha mumbles some strange words.
You barely miss Natasha.
Natasha is moderately wounded.
Natasha claws you but does no damage. The white imp closely misses you.
You barely miss Natasha. Your headbutt misses Natasha.
Natasha is moderately wounded.
Natasha claws you. The white imp completely misses you.
Damage: 2 (max 4)
You barely miss Natasha. You headbutt Natasha, but do no damage.
Natasha is moderately wounded.
Natasha claws you but does no damage. The white imp gestures at you.
The puff of frost hits you!
Natasha stares at you and mumbles some strange words.
You resist with some effort.
Damage: 5 (max 5)
You hit Natasha but do no damage.
Natasha is moderately wounded.
The white imp hits you but does no damage.
Natasha claws you.
You hit Natasha. You headbutt Natasha, but do no damage.
Natasha is heavily wounded.
The white imp hits you but does no damage.
Natasha claws you.
* * * LOW HITPOINT WARNING * * *
Damage: 5 (max 5)
You closely miss Natasha. Your headbutt misses Natasha.
Natasha is heavily wounded.
The white imp hits you but does no damage.
Natasha barely misses you.
You hit Natasha.
Natasha is severely wounded.
The white imp gestures at you. The puff of frost hits you!
* * * LOW HITPOINT WARNING * * *
Natasha claws you.
You die...

..## #.#.... .........
.....#####.# ..# #........
......h.##.#
#.###รท..##..#
#..##.###.##..# #..#
##..h.........# ..# ###
####.###..##.#####.## #..
#.# #.....)..##..# #..
#h###5.##.##.....###..
#..##@.##.#####...##..
#.##...h..##.######......
..........................
....#.###..##.######.#<#.(
...##.#.# #..##.# #...#..
..# # #.###..##.# #...#..
#.# #.........#.# ##.....
###..#####...........##
#..#.# #...
#............##..###
#..#.#


You could see Natasha and a white imp.

Vanquished Creatures
  Terence (D:2)
  3 gnolls (D:1)
  An ooze (D:2)
  A dart slug (D:1)
  2 giant cockroaches
  4 goblins
  10 hobgoblins
  4 jackals (D:1)
  4 kobolds
  A ball python (D:1)
  10 bats
  3 giant newts (D:1)
  3 rats
47 creatures vanquished.

Notes
Turn   | Place    | Note
--------------------------------------------------------------
     0 | D:1      | Gorice the Demonspawn Skald began the quest for the Orb.
     0 | D:1      | Reached XP level 1. HP: 16/16 MP: 3/3
     8 | D:1      | Reached skill level 2 in Long Blades
   101 | D:1      | Gained mutation: You are immune to rotting. [demonic ancestry]
   101 | D:1      | Reached XP level 2. HP: 17/22 MP: 1/5
   123 | D:1      | --xpl2 before got out of sight of the entry vault!
   528 | D:1      | Reached skill level 3 in Long Blades
   650 | D:1      | Gained mutation: You have a pair of small horns on your head. [demonic ancestry]
   650 | D:1      | Reached XP level 3. HP: 23/27 MP: 6/6
  1079 | D:2      | Found a white marble altar of Elyvilon.
  1379 | D:2      | Reached XP level 4. HP: 27/33 MP: 7/7
  1464 | D:2      | Found a burning altar of Makhleb.
  1474 | D:2      | Reached skill level 4 in Long Blades
  1544 | D:2      | Noticed Terence
  1564 | D:2      | Killed Terence
  1794 | D:2      | Noticed Natasha
  1820 | D:2      | HP: 3/33 [white imp/puff of frost[Natasha] (9)]
  1820 | D:2      | Slain by Natasha

Vault maps used:
D:1:      scummos_arrival_simple_fountains
D:2:      overflow_temple_1_default, bloody_makhleb,
          hangedman_abyss_or_decor_stabs, uniq_terence, uniq_natasha

Skill      XL: |  1  2  3  4 |
---------------+-------------+-----
Long Blades    | 2 3 4 |  4.4
Fighting       | |  2.0
Armour         | |  0.8
Dodging        | |  0.8
Spellcasting   | |  2.0
Charms         | |  2.6

Action                   |  1- 3 |  4- 6 || total
-------------------------+-------+-------++-------
Melee: Falchion          |   138 |    65 ||   203
Throw: Stone             |     8 |     3 ||    11
 Cast: Infusion          |     5 |       ||     5
  Use: Scroll            |     2 |     3 ||     5
       Potion            |       |     1 ||     1
  Eat: Chunk             |     2 |     1 ||     3

Table legend:
 A = Turns spent in this place as a percentage of turns spent in the entire game.
 B = Non-inter-level travel turns spent in this place as a percentage of non-inter-level travel turns spent in the entire game.
 C = Inter-level travel turns spent in this place as a percentage of turns spent in this place.
 D = Turns resting spent in this place as a percentage of non-inter-level travel turns spent in this place.
 E = Turns spent auto-exploring this place as a percentage of non-inter-level travel turns spent in this place.
 F = Non-inter-level travel turns spent in this place divided by the number of levels of this place that you've seen.
                   A       B       C       D       E      F
               +-------+-------+-------+-------+-------+----------------------
         Total | 100.0 | 100.0 |   0.1 |   1.9 |   3.6 | 347.0
       Dungeon | 100.0 | 100.0 |   0.1 |   1.9 |   3.6 | 347.0
               +-------+-------+-------+-------+-------+----------------------

Vault maps used:
D:1:      scummos_arrival_simple_fountains
D:2:      overflow_temple_1_default, bloody_makhleb,
          hangedman_abyss_or_decor_stabs, uniq_terence, uniq_natasha
